CBL
VANCOUVER GRIZZLIES @ SAN DIEGO SURF DAWGS
04/30/2053
 
TOP OF THE 1ST
Vancouver Grizzlies batting - Pitching for San Diego Surf Dawgs : RHP Ty Mosser
Pitching: RHP Ty Mosser
Batting: SHB Dan King 0-0: Called Strike
0-1: Ball
1-1: Ball
2-1: Swinging Strike
2-2: Ball
3-2: DOUBLE (Line Drive, 5D, EV 96.9 MPH)
Batting: SHB Clint Beda 0-0: Foul Ball, location: 7LSF
0-1: SINGLE (Groundball, 4S, EV 65.0 MPH) (infield hit)
Dan King to third
Batting: LHB Alexander Kozlov 0-0: Foul Ball, location: 25FF
0-1: Grounds into double play, 5-4-3 (Groundball, 56, EV 87.5 MPH)
Dan King scores
Batting: RHB Sergio Herrera 0-0: Fly out, F7 (Flyball, 7D, EV 102.5 MPH)
Top of the 1st over - 1 run, 2 hits, 0 errors, 0 left on base; Vancouver 1 - San Diego 0
BOTTOM OF THE 1ST
San Diego Surf Dawgs batting - Pitching for Vancouver Grizzlies : LHP Juan Alemán
Pitching: LHP Juan Alemán
Batting: LHB Cody Bellinger Jr. 0-0: Ball
1-0: Foul Ball, location: 2F
1-1: DOUBLE (Line Drive, 7LS, EV 96.3 MPH)
Batting: RHB Bobby Flenniken 0-0: Ball
1-0: Ball
2-0: Foul Ball, location: 5F
2-1: Ball
3-1: Called Strike
3-2: Foul Ball, location: 2F
3-2: Foul Ball, location: 2F
3-2: Base on Balls
Batting: RHB Vinícius Vidonho 0-0: Called Strike
Cody Bellinger Jr. steals 3rd base (no throw)
Bobby Flenniken to second
0-1: Fly out, F8 (Flyball, 8RD, EV 108.1 MPH)
Runner from 3rd tags up, SCORES, throw by CF
Bobby Flenniken to third
Batting: SHB Johnny Mayton 0-0: Ball
Wild Pitch!
Bobby Flenniken scores
1-0: Foul Ball, location: 2F
1-1: Foul Ball, location: 9LDF
1-2: Ball
2-2: Ball
3-2: Strikes out swinging
Batting: LHB Deangelo Vickers 0-0: Ball
1-0: Swinging Strike
1-1: Ball
2-1: SINGLE (Line Drive, 6D, EV 96.9 MPH)
Batting: RHB Steve Ringelstetter 0-0: Called Strike
0-1: SINGLE (Line Drive, 8LS, EV 85.6 MPH)
Deangelo Vickers to second
Runner from 2nd tries for 3rd, SAFE, no throw by CF
Batting: RHB Chris Mattera 0-0: Ball
1-0: Ball
2-0: Called Strike
2-1: Ball
3-1: Base on Balls
Steve Ringelstetter to second
Batting: SHB António Torrez 0-0: Foul Ball, location: 2F
0-1: Foul Ball, location: 25F
0-2: Foul Ball, location: 3F
0-2: Ball
1-2: Strikes out swinging
Bottom of the 1st over - 2 runs, 3 hits, 0 errors, 3 left on base; Vancouver 1 - San Diego 2
TOP OF THE 2ND
Vancouver Grizzlies batting - Pitching for San Diego Surf Dawgs : RHP Ty Mosser
Batting: RHB José Montero 0-0: SINGLE (Groundball, 5S, EV 67.5 MPH) (infield hit)
Batting: RHB Liam Castro 0-0: Called Strike
0-1: Called Strike
0-2: Ball
1-2: SINGLE (Line Drive, 89S, EV 90.6 MPH)
José Montero to second
Batting: RHB Jon Miller 0-0: Fielders Choice at 2nd, 4-6 (Groundball, 4, EV 99.4 MPH)
José Montero to third
Batting: RHB Dan Breindel 0-0: Grounds into double play, 3-6-3 (Groundball, 3S, EV 83.8 MPH)
Top of the 2nd over - 0 runs, 2 hits, 0 errors, 1 left on base; Vancouver 1 - San Diego 2
BOTTOM OF THE 2ND
San Diego Surf Dawgs batting - Pitching for Vancouver Grizzlies : LHP Juan Alemán
Batting: RHB Kevin Martinkovic 0-0: Ball
1-0: Foul Ball, location: 7LSF
1-1: Swinging Strike
1-2: Strikes out swinging
Batting: LHB Cody Bellinger Jr. 0-0: Called Strike
0-1: Ball
1-1: Foul Ball, location: 2F
1-2: Ball
2-2: Foul Ball, location: 2F
2-2: SINGLE (Groundball, 6MD, EV 83.1 MPH) (infield hit)
Batting: RHB Bobby Flenniken 0-0: Called Strike
0-1: Ball
1-1: DOUBLE (Flyball, 78D, EV 103.1 MPH)
Cody Bellinger Jr. to third
Runner from 3rd tries for Home, throw by CF and OUT! 8-6-2
Batting: RHB Vinícius Vidonho 0-0: Called Strike
0-1: Foul Ball, location: 2F
0-2: Foul Ball, location: 5F
0-2: Fly out, F7 (Flyball, 7, EV 91.3 MPH)
Bottom of the 2nd over - 0 runs, 2 hits, 0 errors, 1 left on base; Vancouver 1 - San Diego 2
TOP OF THE 3RD
Vancouver Grizzlies batting - Pitching for San Diego Surf Dawgs : RHP Ty Mosser
Batting: SHB Baker Trojanowski 0-0: Foul Ball, location: 5SF
0-1: Ball
1-1: Ground out 1-3 (Groundball, 13S, EV 75.0 MPH)
Batting: SHB Dan King 0-0: SINGLE (Line Drive, 4M, EV 105.0 MPH)
Batting: SHB Clint Beda 0-0: Ball
1-0: Called Strike
1-1: Called Strike
1-2: Grounds into double play, 4-6-3 (Groundball, 4, EV 85.6 MPH)
Top of the 3rd over - 0 runs, 1 hit, 0 errors, 0 left on base; Vancouver 1 - San Diego 2
BOTTOM OF THE 3RD
San Diego Surf Dawgs batting - Pitching for Vancouver Grizzlies : LHP Juan Alemán
Batting: SHB Johnny Mayton 0-0: Ball
1-0: Ball
2-0: DOUBLE (Flyball, 8LXD, EV 103.8 MPH)
Batting: LHB Deangelo Vickers 0-0: Ball
1-0: Foul Ball, location: 7LMF
1-1: SINGLE (Line Drive, 8RS, EV 99.4 MPH)
Johnny Mayton to third
Batting: RHB Steve Ringelstetter 0-0: Ball
1-0: Fly out, F9 (Flyball, 9S, EV 72.5 MPH)
Batting: RHB Chris Mattera 0-0: Ball
1-0: Swinging Strike
1-1: SINGLE (Line Drive, 9S, EV 93.8 MPH)
Johnny Mayton scores
Deangelo Vickers to second
Batting: SHB António Torrez 0-0: Foul Ball, location: 5F
0-1: Called Strike
0-2: Foul Ball, location: 2F
0-2: Ball
1-2: Foul Ball, location: 2F
1-2: Foul Ball, location: 9LMF
1-2: Ball
2-2: Fly out, F7 (Flyball, 7, EV 85.6 MPH)
Batting: RHB Kevin Martinkovic 0-0: Ball
1-0: Ball
2-0: Foul Ball, location: 5F
2-1: Foul Ball, location: 9LSF
2-2: Ball
3-2: SINGLE (Line Drive, 9S, EV 95.0 MPH)
Deangelo Vickers to third
Chris Mattera to second
Deangelo Vickers scores
Chris Mattera to third
Batting: LHB Cody Bellinger Jr. 0-0: Ball
1-0: Ball
2-0: Called Strike
2-1: Ground out U3 (Groundball, 34, EV 86.3 MPH)
Bottom of the 3rd over - 2 runs, 4 hits, 0 errors, 2 left on base; Vancouver 1 - San Diego 4
TOP OF THE 4TH
Vancouver Grizzlies batting - Pitching for San Diego Surf Dawgs : RHP Ty Mosser
Batting: LHB Alexander Kozlov 0-0: Called Strike
0-1: Called Strike
0-2: Ball
1-2: Fly out, F9 (Line Drive, 9LM, EV 98.1 MPH)
Batting: RHB Sergio Herrera 0-0: Called Strike
0-1: Ball
1-1: Fly out, F8 (Flyball, 78M, EV 95.6 MPH)
Batting: RHB José Montero 0-0: Ball
1-0: Ball
2-0: Called Strike
2-1: Fly out, F5 (Line Drive, 5, EV 63.8 MPH)
Top of the 4th over - 0 runs, 0 hits, 0 errors, 0 left on base; Vancouver 1 - San Diego 4
BOTTOM OF THE 4TH
San Diego Surf Dawgs batting - Pitching for Vancouver Grizzlies : LHP Juan Alemán
Batting: RHB Bobby Flenniken 0-0: Called Strike
0-1: Ball
1-1: Ball
2-1: Swinging Strike
2-2: Foul Ball, location: 3DF
2-2: SINGLE (Groundball, 34D, EV 101.9 MPH) (infield hit)
Batting: RHB Vinícius Vidonho 0-0: Ball
1-0: Ball
2-0: Foul Ball, location: 3DF
2-1: Foul Ball, location: 2F
2-2: 2-RUN HOME RUN (Flyball, 78XD, EV 106.9 MPH), Distance : 408 ft
Pitching: RHP Dave Aho
Batting: SHB Johnny Mayton 0-0: Ball
1-0: Foul Ball, location: 2F
1-1: Ball
2-1: Ball
3-1: Ground out 4-3 (Groundball, 4, EV 85.6 MPH)
Batting: LHB Deangelo Vickers 0-0: SINGLE (Groundball, 4MD, EV 101.9 MPH)
Batting: RHB Steve Ringelstetter 0-0: Fly out, F9 (Flyball, 9LM, EV 81.3 MPH)
Batting: RHB Chris Mattera 0-0: Called Strike
0-1: Fielders Choice at 2nd, 6-4 (Groundball, 6, EV 85.6 MPH)
Bottom of the 4th over - 2 runs, 3 hits, 0 errors, 1 left on base; Vancouver 1 - San Diego 6
TOP OF THE 5TH
Vancouver Grizzlies batting - Pitching for San Diego Surf Dawgs : RHP Ty Mosser
Batting: RHB Liam Castro 0-0: Ground out 6-3 (Groundball, 6, EV 89.4 MPH)
Batting: RHB Jon Miller 0-0: Ball
1-0: Called Strike
1-1: Ball
2-1: Ground out 6-3 (Groundball, 56, EV 83.8 MPH)
Batting: RHB Dan Breindel 0-0: Ball
1-0: Called Strike
1-1: Foul Ball, location: 2F
1-2: Foul Ball, location: 2F
1-2: Ball
2-2: Ball
3-2: Fly out, F8 (Flyball, 8RD, EV 93.8 MPH)
Top of the 5th over - 0 runs, 0 hits, 0 errors, 0 left on base; Vancouver 1 - San Diego 6
BOTTOM OF THE 5TH
San Diego Surf Dawgs batting - Pitching for Vancouver Grizzlies : RHP Dave Aho
Batting: SHB António Torrez 0-0: Foul Ball, location: 25FF
0-1: Ball
1-1: Ball
2-1: Swinging Strike
2-2: Strikes out swinging
Batting: RHB Kevin Martinkovic 0-0: Called Strike
0-1: Ball
1-1: Ball
2-1: Fly out, F6 (Line Drive, 6, EV 70.0 MPH)
Batting: LHB Cody Bellinger Jr. 0-0: Called Strike
0-1: Ball
1-1: Ball
2-1: Called Strike
2-2: Ball
3-2: Foul Ball, location: 23F
3-2: Ground out 6-3 (Groundball, P, EV 85.6 MPH)
Bottom of the 5th over - 0 runs, 0 hits, 0 errors, 0 left on base; Vancouver 1 - San Diego 6
TOP OF THE 6TH
Vancouver Grizzlies batting - Pitching for San Diego Surf Dawgs : RHP Ty Mosser
Batting: SHB Baker Trojanowski 0-0: SINGLE (Flyball, 89S, EV 89.4 MPH)
Batting: SHB Dan King 0-0: Called Strike
0-1: Called Strike
0-2: Ball
1-2: Grounds into double play, 4-6-3 (Groundball, 4, EV 86.3 MPH)
Batting: SHB Clint Beda 0-0: Foul Ball, location: 23F
0-1: Ball
1-1: Ball
2-1: Ball
3-1: Called Strike
3-2: Foul Ball, location: 5F
3-2: Foul Ball, location: 7LDF
3-2: Fly out, F9 (Flyball, 89M, EV 79.4 MPH)
Top of the 6th over - 0 runs, 1 hit, 0 errors, 0 left on base; Vancouver 1 - San Diego 6
BOTTOM OF THE 6TH
San Diego Surf Dawgs batting - Pitching for Vancouver Grizzlies : RHP Dave Aho
Batting: RHB Bobby Flenniken 0-0: Ball
1-0: Ball
2-0: Called Strike
2-1: Ball
3-1: Base on Balls
Pitching: RHP Wes Mollette
Batting: RHB Vinícius Vidonho 0-0: Ball
1-0: Ball
2-0: Called Strike
2-1: Foul Ball, location: 3SF
2-2: Fly out, F6 (Popup, 6, EV 62.5 MPH)
Batting: SHB Johnny Mayton 0-0: Ball
Bobby Flenniken is caught stealing 2nd base 2-6
1-0: SINGLE (Line Drive, 4MD, EV 100.0 MPH)
Batting: LHB Deangelo Vickers 0-0: Called Strike
0-1: SINGLE (Groundball, 13, EV 92.5 MPH) (infield hit)
Johnny Mayton to second
Batting: RHB Steve Ringelstetter 0-0: Ball
1-0: Foul Ball, location: 2F
1-1: DOUBLE (Line Drive, 5D, EV 93.8 MPH)
Johnny Mayton scores
Deangelo Vickers to third
Batting: RHB Chris Mattera 0-0: Swinging Strike
0-1: Called Strike
0-2: Ball
1-2: Ball
2-2: Strikes out swinging
Bottom of the 6th over - 1 run, 3 hits, 0 errors, 2 left on base; Vancouver 1 - San Diego 7
TOP OF THE 7TH
Vancouver Grizzlies batting - Pitching for San Diego Surf Dawgs : RHP Ty Mosser
Batting: LHB Alexander Kozlov 0-0: Called Strike
0-1: Ball
1-1: Called Strike
1-2: Ground out 4-3 (Groundball, 4, EV 103.8 MPH)
Batting: RHB Sergio Herrera 0-0: Called Strike
0-1: Foul Ball, location: 2F
0-2: Fly out, F7 (Flyball, 7LS, EV 89.4 MPH)
Batting: RHB José Montero 0-0: Ball
1-0: Ball
2-0: Ball
3-0: Hit by Pitch
Batting: RHB Liam Castro 0-0: Ball
1-0: Ball
2-0: Foul Ball, location: 25FF
2-1: Ball
3-1: Swinging Strike
3-2: Base on Balls
José Montero to second
Batting: RHB Jon Miller 0-0: Fly out, F4 (Popup, 34, EV 56.9 MPH)
Top of the 7th over - 0 runs, 0 hits, 0 errors, 2 left on base; Vancouver 1 - San Diego 7
BOTTOM OF THE 7TH
San Diego Surf Dawgs batting - Pitching for Vancouver Grizzlies : RHP Wes Mollette
Batting: SHB António Torrez 0-0: SINGLE (Groundball, 6MD, EV 102.5 MPH)
Batting: RHB Kevin Martinkovic 0-0: Foul Ball, location: 2F
0-1: Foul Ball, location: 2F
0-2: 2-RUN HOME RUN (Flyball, 9D, EV 97.5 MPH), Distance : 379 ft
Batting: LHB Cody Bellinger Jr. 0-0: Ball
1-0: Ball
2-0: Called Strike
2-1: Ball
3-1: Foul Ball, location: 2F
3-2: Foul Ball, location: 7LSF
3-2: Base on Balls
Batting: RHB Bobby Flenniken 0-0: Called Strike
Cody Bellinger Jr. steals 2nd base (no throw)
0-1: Swinging Strike
0-2: Strikes out looking
Pitching: RHP Von Harkenrider
Batting: RHB Vinícius Vidonho 0-0: Called Strike
0-1: Ball
1-1: Foul Ball, location: 2F
1-2: Ball
2-2: Foul Ball, location: 9LSF
2-2: Ball
3-2: Foul Ball, location: 5DF
3-2: Base on Balls
Batting: SHB Johnny Mayton 0-0: Ball
1-0: Called Strike
1-1: Foul Ball, location: 2F
1-2: Foul Ball, location: 2F
1-2: Strikes out looking
Batting: LHB Deangelo Vickers 0-0: Ball
1-0: Foul Ball, location: 3SF
1-1: Called Strike
1-2: Fly out, F7 (Flyball, 78M, EV 92.5 MPH)
Bottom of the 7th over - 2 runs, 2 hits, 0 errors, 2 left on base; Vancouver 1 - San Diego 9
TOP OF THE 8TH
Vancouver Grizzlies batting - Pitching for San Diego Surf Dawgs : RHP Ty Mosser
Batting: RHB Dan Breindel 0-0: Called Strike
0-1: Foul Ball, location: 7LSF
0-2: Foul Ball, location: 9LDF
0-2: Foul Ball, location: 2RF
0-2: Ball
1-2: Strikes out swinging
Batting: SHB Baker Trojanowski 0-0: Ball
1-0: SINGLE (Groundball, 34D, EV 97.5 MPH)
Pitching: LHP César Gonzáles
Batting: SHB Dan King 0-0: Ball
1-0: Foul Ball, location: 2F
1-1: Ball
2-1: Foul Ball, location: 9LMF
2-2: SINGLE (Groundball, 4D, EV 110.0 MPH)
Baker Trojanowski to second
Runner from 2nd tries for 3rd, SAFE, throw by RF made to third
Batting: SHB Clint Beda 0-0: SINGLE (Line Drive, 3D, EV 110.0 MPH)
Baker Trojanowski scores
Dan King to second
Batting: LHB Alexander Kozlov 0-0: Ball
1-0: Grounds into double play, 3-6-1 (Groundball, 34, EV 105.0 MPH)
Top of the 8th over - 1 run, 3 hits, 0 errors, 1 left on base; Vancouver 2 - San Diego 9
BOTTOM OF THE 8TH
San Diego Surf Dawgs batting - Pitching for Vancouver Grizzlies : RHP Von Harkenrider
Batting: RHB Steve Ringelstetter 0-0: Ball
1-0: Ball
2-0: Fly out, F9 (Flyball, 89S, EV 95.6 MPH)
Pinch Hitting: RHB Ken Holland 0-0: Foul Ball, location: 2F
0-1: Ball
1-1: Ball
2-1: Swinging Strike
2-2: Ball
3-2: Foul Ball, location: 9LSF
3-2: Fly out, F8 (Flyball, 8RD, EV 96.9 MPH)
Batting: SHB António Torrez 0-0: Called Strike
0-1: Ball
1-1: Swinging Strike
1-2: Ball
2-2: DOUBLE (Flyball, 89XD, EV 93.8 MPH)
Batting: RHB Kevin Martinkovic 0-0: Called Strike
0-1: Ball
1-1: Ball
2-1: Called Strike
2-2: Ball
3-2: Base on Balls
Batting: LHB Cody Bellinger Jr. 0-0: Ball
1-0: Called Strike
1-1: Foul Ball, location: 5F
1-2: Strikes out swinging
Bottom of the 8th over - 0 runs, 1 hit, 0 errors, 2 left on base; Vancouver 2 - San Diego 9
TOP OF THE 9TH
Vancouver Grizzlies batting - Pitching for San Diego Surf Dawgs : LHP César Gonzáles
Now at 2B: Ken Holland
Pinch Hitting: LHB José Vélez 0-0: Called Strike
0-1: Foul Ball, location: 9LDF
0-2: DOUBLE (Line Drive, 9LD, EV 104.4 MPH)
Batting: RHB José Montero 0-0: Ball
1-0: Foul Ball, location: 9LSF
1-1: Called Strike
1-2: Ground out 6-3 (Groundball, 6, EV 98.1 MPH)
José Vélez to third
Pinch Hitting: LHB Ernie Rifkin 0-0: Ball
1-0: Swinging Strike
1-1: Ball
2-1: Called Strike
2-2: Ground out 5-3 (Groundball, 5, EV 108.8 MPH)
Batting: RHB Jon Miller 0-0: Ball
1-0: SINGLE (Line Drive, 8LS, EV 104.4 MPH)
José Vélez scores
Batting: RHB Dan Breindel 0-0: Ball
1-0: Ball
2-0: Ball
3-0: Fielders Choice at 2nd, 6-4 (Groundball, 56, EV 79.4 MPH)
Top of the 9th over - 1 run, 2 hits, 0 errors, 1 left on base; Vancouver 3 - San Diego 9
Sunday, February 25th , 2024 - OOTP Baseball 24.11 Build 85